 Dungeon Crawl Stone Soup version 0.29-a0-557-g43b9904bd1 (webtiles) character file.

Game seed: 1856786004102497931

3783 Hubjo the Changer (level 9, 0/82 HPs)
             Began as a Demonspawn Transmuter on June 8, 2022.
             Was a Follower of Makhleb.
             Slain by Harold
             ... wielding a +3 battleaxe of electrocution
              (28 damage)
             ... on level 9 of the Dungeon.
             The game lasted 00:19:04 (13322 turns).

Hubjo the Changer (Demonspawn Transmuter)          Turns: 13322, Time: 00:19:05

Health: 0/82       AC:  7    Str: 16    XL:     9   Next: 95%
Magic:  18/18      EV: 10    Int: 15    God:    Makhleb [*.....]
Gold:   370        SH:  0    Dex: 26    Spells: 7/18 levels left

rFire   x . .      SeeInvis .     - Unarmed
rCold   + + +      Faith    .   (shield currently unavailable)
rNeg    . . .      Spirit   .   (body armour currently unavailable)
rPois   +          Reflect  .   (helmet currently unavailable)
rElec   .          Harm     .   (cloak currently unavailable)
rCorr   .          Rampage  .   (gloves currently unavailable)
Will    .....                   (boots currently unavailable)
Stlth   ++........              e - amulet of the acrobat
HPRegen 0.23/turn               c - +6 ring of strength
MPRegen 0.16/turn               r - +6 ring of dexterity

@: confused, mighty, ice-form, marked, invisible
A: freezing attack, amphibious, boosted hp, large, (claws 2), (slimy green
scales 1), powered by pain 1, (spiny 1), agile 1, high MP 1
a: End Transformation, Renounce Religion


You were on level 9 of the Dungeon.
You worshipped Makhleb.
Makhleb was aware of your devotion.
You were a creature of crystalline ice.
You visited 2 branches of the dungeon, and saw 11 of its levels.

You collected 510 gold pieces.
You spent 140 gold pieces at shops.

Inventory:

Hand Weapons
 B - the +7 trident of Oozing Pus {antimagic, rC+ Str+2}
   (You found it on level 8 of the Dungeon)

   It reduces the magical energy of the wielder, and disrupts the spells and
   magical abilities of those it strikes.
   Natural abilities and divine invocations are not affected.
   Str:       It affects your strength (+2).
   rC:        It protects you from cold.
 D - the +10 rapier of Ruku Mao {antimagic, Dex+5}
   (You found it on level 8 of the Dungeon)

   It reduces the magical energy of the wielder, and disrupts the spells and
   magical abilities of those it strikes.
   Natural abilities and divine invocations are not affected.
   Dex:       It affects your dexterity (+5).
Missiles
 v - 2 throwing nets
Armour
 a - a +0 robe (melded)
Jewellery
 c - a +6 ring of strength (left front paw)
 e - an amulet of the acrobat (around neck)
 j - a ring of ice
 o - a ring of positive energy
 r - a +6 ring of dexterity (right front paw)
 t - a ring of fire
 x - a ring of positive energy
 A - a ring of flight
Wands
 u - a wand of flame (6)
 z - a wand of polymorph (4)
Scrolls
 d - 2 scrolls of teleportation
 g - 5 scrolls of enchant armour
 i - 4 scrolls of enchant weapon
 l - 2 scrolls of immolation
 n - a scroll of noise
 q - 3 scrolls of vulnerability
 s - 3 scrolls of fear
 y - 2 scrolls of amnesia
 C - a scroll of silence
Potions
 b - 2 potions of lignification
 f - 3 potions of flight
 m - 2 potions of curing
 p - 2 potions of attraction


   Skills:
 + Level 5.7 Fighting
 - Level 1.7 Dodging
 + Level 5.3 Stealth
 + Level 5.6 Unarmed Combat
 + Level 5.3 Spellcasting
 + Level 6.7 Transmutations
 - Level 3.7 Ice Magic
 * Level 3.3 Poison Magic


You had 7 spell levels left.
You knew the following spells:

 Your Spells              Type           Power      Damage    Failure   Level
a - Beastly Appendage     Tmut           48%        N/A       1%          1
b - Ice Form              Ice/Tmut       19%        N/A       19%         4
c - Eringya's Noxious Bo  Tmut/Pois      9%         N/A       97%         6

Your spell library contained the following spells:

 Spells                   Type           Power      Damage    Failure   Level
 Wereblood                Tmut           24%        N/A       1%          2
 Spider Form              Tmut/Pois      19%        N/A       6%          3
 Ensorcelled Hibernation  Hex/Ice        18%        N/A       11%         2
 Alistair's Intoxication  Tmut/Pois      12%        N/A       50%         5
 Anguish                  Hex/Necr       1%         N/A       85%         4
 Borgnjor's Vile Clutch   Necr/Erth      1%         N/A       99%         5


Dungeon Overview and Level Annotations

Branches:
Dungeon (10/15)            Temple (1/1) D:7
   Lair: D:8-11         Orc: D:9-12

Altars:
Ashenzari
Cheibriados
Dithmenos
Elyvilon
Fedhas
Gozag
Hepliaklqana
Kikubaaqudgha
Makhleb
Nemelex Xobeh
Okawaru
Qazlal
Ru
Sif Muna
Trog
Uskayaw
Vehumet
Wu Jian
Xom
Yredelemnul
Zin
The Shining One

Shops:
D:2 ?[[=:   D:4 (   D:5 =

Annotations:
D:8 3 runed translucent doors, turdburglar's ghost, novice HOFi
D:9 Harold


Innate Abilities, Weirdness & Mutations

You are a creature of crystalline ice.
You have a powerful freezing melee attack.
You are amphibious.
Your maximum health is increased.
Your armour is entirely melded.
You are incapable of wielding weapons or throwing items.
((You have very sharp fingernails.))
((You are partially covered in slimy green scales. (AC +2)))
You sometimes gain a little power by taking damage.
((You are partially covered in sharp spines.))
You are agile. (Dex +2)
You have an increased reservoir of magic. (+10% MP)


Message History

v - 2 throwing nets (gained 1)
There is a stone staircase leading down here.
Aiming: Polymorph
Press: ? - help, Shift-Dir - straight line, f - Harold
Aim: Harold, wielding a +3 battleaxe of electrocution, wearing a +0 scale mail and quivering 2 throwing nets (will become a lindwurm, a mana viper, or a jumping spider, chance to affect: 17%)
Okay, then.
You fade into invisibility!
Harold casts a spell at you. A sentinel's mark forms upon you.
Casting: Beastly Appendage (safe; 1% risk of failure)
Confirm with . or Enter, or press ? or * to list all spells.
You turn into a creature of crystalline ice.
Your +0 robe melds into your body.
Harold throws a throwing net.
The throwing net closely misses you.
Harold throws a throwing net.
The throwing net misses you.
There is a stone staircase leading down here.
Harold closely misses you.
You hit Harold but do no damage. Harold completely misses you.
You catch the helpless Harold completely off-guard!
You hit Harold but do no damage.
A vampire comes into view.
Harold hits you with a +3 battleaxe of electrocution!
You focus on the pain.
You feel your power returning.
You hit Harold. You freeze Harold.
Harold is lightly wounded.
Harold hits you with a +3 battleaxe of electrocution!!
You are electrocuted!
You hit Harold. You freeze Harold.
Harold is lightly wounded.
The vampire casts a spell at you.
You are confused.
Harold hits you with a +3 battleaxe of electrocution!!
* * * LOW HITPOINT WARNING * * *
You focus on the pain.
You feel very mighty all of a sudden.
You are electrocuted!
* * * LOW HITPOINT WARNING * * *
You feel much better.
Harold hits you with a +3 battleaxe of electrocution!!
You die...

# .### #(. #†#
##.# .# ###(##
...###..>#
.....y..Y#
#.......@#
#........##
#.........#
#.........#
##...V###........
#...# #......@.
#y.# ..#......
#.. .#####...


You could see Harold (can't see you), a vampire and 2 killer bees.

Vanquished Creatures
  2 yaks (D:10)
  2 steam dragons
  3 water moccasins
  2 ice beasts (D:5)
  A black bear (D:7)
  2 hornet zombies (D:8)
  2 orc warriors
  A sky beast (D:7)
  3 ogres
  2 centaurs
  A phantom (D:6)
  2 bullfrogs
  A necrophage (D:5)
  3 wights (D:7)
  4 killer bees (D:9)
  2 howler monkeys (D:9)
  2 jellies (D:6)
  5 centaur zombies (D:8)
  2 gnoll shamans
  6 orc priests
  4 hounds (D:5)
  6 orc wizards
  A howler monkey zombie (D:8)
  16 gnolls
  5 adders
  4 river rats (D:5)
  2 white imps (D:6)
  An ufetubus (D:5)
  A worm (D:3)
  2 dart slugs
  13 orcs
  5 ball pythons
  11 bats
  4 endoplasms
  2 giant cockroaches
  6 goblins
  8 hobgoblins
  5 jackals
  2 quokkas (D:5)
  2 frilled lizards (D:3)
  2 kobolds (D:4)
  8 rats
158 creatures vanquished.

Notes
Turn   | Place    | Note
-------+----------+-------------------------------------------
     0 | D:1      | Hubjo the Demonspawn Transmuter began the quest for the
                  | Orb.
     0 | D:1      | Reached XP level 1. HP: 15/15 MP: 3/3
   835 | D:1      | Gained mutation: You sometimes gain a little power by
                  | taking damage. [demonic ancestry]
   835 | D:1      | Reached XP level 2. HP: 21/21 MP: 3/5
   944 | D:1      | Reached skill level 2 in Transmutations
  1392 | D:2      | Found Wydod's Book Shop.
  1682 | D:2      | Found Duneaph's Jewellery Shoppe.
  1687 | D:2      | Gained mutation: You have sharp fingernails. [demonic
                  | ancestry]
  1687 | D:2      | Reached XP level 3. HP: 24/27 MP: 4/6
  1766 | D:2      | Found Puorun's Armour Shoppe.
  1782 | D:2      | Found Rameis's Armour Emporium.
  1966 | D:2      | Found Qoupath's Magic Scroll Shop.
  2286 | D:3      | Reached skill level 1 in Stealth
  2435 | D:3      | Reached XP level 4. HP: 27/33 MP: 4/7
  3220 | D:2      | Bought 2 scrolls of identify for 56 gold pieces
  3220 | D:2      | Bought 3 scrolls of identify for 84 gold pieces
  3227 | D:2      | Learned a level 4 spell: Ice Form
  3292 | D:4      | Found Edycycs's Weapon Shop.
  3424 | D:4      | Gained mutation: You have very sharp fingernails. [demonic
                  | ancestry]
  3424 | D:4      | Reached XP level 5. HP: 24/39 MP: 8/8
  4027 | D:5      | Entered Level 5 of the Dungeon
  4176 | D:5      | Noticed a water moccasin
  4185 | D:5      | Killed a water moccasin
  4186 | D:5      | Reached skill level 3 in Transmutations
  4186 | D:5      | Reached skill level 1 in Ice Magic
  4186 | D:5      | Reached XP level 6. HP: 35/47 MP: 6/10
  5021 | D:5      | Gained mutation: You are partially covered in slimy green
                  | scales. (AC +2) [demonic ancestry]
  5021 | D:5      | Reached XP level 7. HP: 39/52 MP: 9/11
  5098 | D:5      | Found Gaxel's Jewellery Emporium.
  5539 | D:5      | Reached skill level 4 in Transmutations
  6928 | D:5      | Reached XP level 8. HP: 55/60 MP: 11/13
  7596 | D:6      | Reached skill level 5 in Transmutations
  9232 | D:7      | Found a staircase to the Ecumenical Temple.
  9242 | Temple   | Entered the Ecumenical Temple
  9495 | Temple   | Became a worshipper of Makhleb the Destroyer
  9794 | D:7      | Gained mutation: You are partially covered in sharp spines.
                  | [demonic ancestry]
  9794 | D:7      | Reached XP level 9. HP: 33/67 MP: 15/15
 10100 | D:7      | Reached skill level 6 in Transmutations
 10508 | D:7      | Reached skill level 5 in Unarmed Combat
 10530 | D:7      | Reached skill level 5 in Fighting
 10954 | D:7      | Gained mutation: You are agile. (Dex +2) [potion of
                  | mutation]
 10954 | D:7      | Gained mutation: You have an increased reservoir of magic.
                  | (+10% MP) [potion of mutation]
 11018 | D:7      | Learned a level 6 spell: Eringya's Noxious Bog
 11024 | D:8      | Identified the +7 trident of Oozing Pus {antimagic, rC+
                  | Str+2}
 11046 | D:8      | Noticed turdburglar's ghost (novice HOFi)
 11112 | D:8      | Found a runed translucent gate.
 11112 | D:8      | Found a runed translucent gate.
 11112 | D:8      | Found a runed translucent gate.
 11441 | D:8      | Identified the +10 rapier of Ruku Mao {antimagic, Dex+5}
 11519 | D:8      | Reached skill level 1 in Poison Magic
 11585 | D:8      | Found a basalt altar of Yredelemnul.
 11589 | D:8      | Reached * piety under Makhleb
 11609 | D:8      | Reached skill level 5 in Spellcasting
 11832 | D:8      | Reached skill level 5 in Stealth
 12889 | D:9      | Noticed a death yak
 12895 | D:10     | Entered Level 10 of the Dungeon
 12903 | D:9      | Noticed a death yak
 12911 | D:10     | HP: 2/81 [yak (5)]
 13163 | D:9      | Noticed a death yak
 13303 | D:9      | Noticed Harold
 13322 | D:9      | Slain by Harold

Illustrated notes

Levels and vault maps discovered:
D:1:      dreamdust_arrival_beginning_and_end, layout_loops_corners
D:2:      layout_rooms, serial_shops, nicolae_lakefront_shop, shop, shop,
          nicolae_shop_trees, nicolae_shop_hallway_stairs
D:3:      wad_crossroads, layout_loops_ring
D:4:      layout_loops_ring, serial_shops, shop
D:5:      layout_cave_pods, lightli_sewer_entry_pipes, serial_shops, shop,
          st_stairs_4, eino_tiny_chamber
D:6:      layout_gridville
D:7:      layout_loops_corners, minmay_temple_entry_wispy,
          small_statue_intersection
D:8:      layout_loops_ring, nicolae_yredelemnul_corpse_copse,
          gammafunk_ghost_icy
D:9:      minmay_general_purpose_star, layout_layer_cave, dpeg_lair_monsters,
          uniq_harold
D:10:     layout_roguey
Temple:   mainiacjoe_temple_archimedes_tessellation

Skill      XL: |  1  2  3  4  5  6  7  8  9 |
---------------+----------------------------+-----
Transmutations | 2 3 4 5 6 |  6.7
Fighting       | 2 3 4 5 |  5.7
Stealth        | 1 2 3 4 5 |  5.3
Unarmed Combat | 3 4 5 |  5.6
Ice Magic      | 1 2 3 |  3.7
Spellcasting   | 3 4 5 |  5.3
Poison Magic   | 3 |  3.3
Dodging        | |  1.7

Action                   |  1- 3 |  4- 6 |  7- 9 || total
-------------------------+-------+-------+-------++-------
Melee: Unarmed           |   100 |    95 |   294 ||   489
       Headbutt          |     7 |    16 |    56 ||    79
       Kick              |    14 |    27 |    86 ||   127
       Punch             |     4 |     1 |     6 ||    11
 Cast: Beastly Appendage |    34 |    27 |    45 ||   106
       Ice Form          |       |       |     3 ||     3
  Use: Scroll            |       |    10 |     8 ||    18
       Potion            |       |     1 |     8 ||     9
 Stab: Sleeping          |     1 |     1 |     7 ||     9
       Invisible         |       |       |     1 ||     1
Armor: Robe              |    27 |    10 |    53 ||    90
       Skin              |       |       |     8 ||     8
Dodge: Dodged            |    91 |   105 |   220 ||   416

Table legend: (Time is in decaauts)
 A = Elapsed time spent in this place.
 B = Non-inter-level travel time spent in this place.
 C = Inter-level travel time spent in this place.
 D = Time resting spent in this place.
 E = Time spent auto-exploring this place.
 F = Levels seen in this place.
 G = Mean time per level.
                   A        B        C        D        E       F      G
               +--------+--------+--------+--------+--------+-----+--------+
         Total |  13339 |  12965 |    374 |    796 |  10501 |  11 | 1212.6 |
       Dungeon |  12994 |  12722 |    272 |    796 |  10291 |  10 | 1299.4 |
        Temple |    344 |    242 |    102 |      0 |    210 |   1 |  344.0 |
               +--------+--------+--------+--------+--------+-----+--------+

Top non-repeatable levels by time:
     D:5: 2960 daAuts
     D:7: 1869 daAuts
     D:6: 1856 daAuts
     D:8: 1498 daAuts
     D:1: 1388 daAuts
     D:3: 993 daAuts
     D:2: 867 daAuts
     D:4: 764 daAuts
     D:9: 419 daAuts
    D:10: 376 daAuts
  Temple: 344 daAuts
